 Dungeon Crawl Stone Soup version 0.20.1-1-g8b1a95d (webtiles) character file.

108 Inchmeat the Skirmisher (level 4, 20/45 HPs)
             Began as a Deep Dwarf Monk on Sept 18, 2017.
             Was a Follower of Elyvilon (penitent).
             Quit the game on level 2 of the Dungeon.
             The game lasted 00:03:50 (1664 turns).

Inchmeat the Skirmisher (Deep Dwarf Monk)           Turns: 1664, Time: 00:03:51

Health: 20/45      AC:  3    Str: 15    XL:     4   Next: 58%
Magic:  3/3        EV: 13    Int: 11    God:    Elyvilon [*]
Gold:   85         SH:  0    Dex: 15    Spells: 3/3 levels left

rFire    . . .     SeeInvis .   a - +0 mace
rCold    . . .     Gourm    .   (no shield)
rNeg     . . .     Faith    .   j - +0 leather armour
rPois    .         Spirit   .   (no helmet)
rElec    .         Reflect  .   (no cloak)
rCorr    .         Harm     .   (no gloves)
MR       .....                  (no boots)
Stlth    ++........             (no amulet)
Regen    0.0/turn               (no ring)
MPRegen  0.1/turn               (no ring)

@: non-regenerating
A: damage resistance, heal wounds, sense surroundings 1, no regeneration
a: Heal Wounds, Renounce Religion


You were on level 2 of the Dungeon.
You worshipped Elyvilon.
Elyvilon was demanding penance.
You were hungry.

You visited 1 branch of the dungeon, and saw 2 of its levels.

You collected 85 gold pieces.

Inventory:

Hand Weapons
 a - a +0 mace (weapon)
Armour
 b - a +0 robe
 j - a +0 leather armour (worn)
Jewellery
 m - an uncursed ring of protection from cold {unknown}
 o - an uncursed amulet of harm {unknown}
Scrolls
 d - a scroll of remove curse {unknown}
 e - 6 scrolls of identify {unknown}
 f - 2 scrolls of teleportation {unknown}
 g - a scroll of amnesia {unknown}
 l - a scroll of enchant weapon {unknown}
Potions
 k - a potion of cancellation {unknown}
 n - a potion of brilliance {unknown}
 p - a potion of might {unknown}
Comestibles
 c - a bread ration
 h - 2 royal jellies
 i - 2 fruits


   Skills:
 * Level 4.7 Fighting
 - Level 3.0 Maces & Flails
 - Level 3.2 Dodging
 - Level 2.4 Stealth
 * Level 1.3 Invocations


You had 3 spell levels left.
You didn't know any spells.

Dungeon Overview and Level Annotations

Branches:
Dungeon (2/15)

Altars:
Cheibriados
Elyvilon
Gozag
Trog


Innate Abilities, Weirdness & Mutations

You are resistant to damage.
You can heal yourself by infusing magical energy.
You passively map a small area around you.
You do not regenerate.


Message History

There is an open door here.
You see here a bat skeleton.
There is an open door here.
There is a stone staircase leading up here.
A goblin comes into view. It is wielding a dagger.
The goblin shouts!
A goblin is nearby!
You are too injured to fight recklessly!
You are too injured to fight recklessly!
You are too injured to fight recklessly!
The goblin completely misses you.
You miss the goblin. The goblin hits you with a dagger.
You barely miss the goblin. The goblin closely misses you. x2
You hit the goblin.
The goblin is heavily wounded.
The goblin hits you with a dagger.
You hit the goblin.
You kill the goblin!
You see here a dagger.
Are you sure you want to abandon this character and quit the game? (Confirm with "yes".)

#.# ##################### #.#
#...................#####.##
##...#...#...#...#..#.....>#
..................._#####..# ####
.#...#...#...#...#..#####..###[..
....................##.........##
#####################.......#####
#...#....# #.# #@##.####...## #
#.#####..# #.# #)##.#####..# #
#...#....###.###.##........# #
###.#.##.........########.## #
#...######.##### ##'## # #.###
#.# ##.†.## # ###.# #.####
##.....## #.#.# #.##.##
##.......##
....########.....####.........###


There were no monsters in sight!

Vanquished Creatures
  Jessica (D:2)
  Robin (D:2)
  An adder (D:2)
  2 worms (D:2)
  A dart slug (D:2)
  A leopard gecko (D:2)
  A giant cockroach (D:2)
  13 goblins
  8 hobgoblins
  6 jackals (D:2)
  2 kobolds
  A quokka (D:2)
  4 bats
  A frilled lizard (D:2)
  4 rats
47 creatures vanquished.

Notes
Turn   | Place    | Note
-------+----------+-------------------------------------------
     0 | D:1      | Inchmeat the Deep Dwarf Monk began the quest for the Orb.
     0 | D:1      | Reached XP level 1. HP: 20/20 MP: 1/1
   380 | D:1      | Reached skill level 3 in Fighting
   701 | D:1      | Reached XP level 2. HP: 21/28 MP: 2/2
   777 | D:2      | Found a bloodstained altar of Trog.
  1174 | D:2      | Noticed Jessica
  1193 | D:2      | Killed Jessica
  1193 | D:2      | Reached skill level 4 in Fighting
  1193 | D:2      | Reached XP level 3. HP: 11/36 MP: 1/1
  1241 | D:2      | Found a white marble altar of Elyvilon.
  1241 | D:2      | Found an opulent altar of Gozag.
  1262 | D:2      | Became a worshipper of Elyvilon the Healer
  1262 | D:2      | Reached * piety under Elyvilon
  1262 | D:2      | Reached ** piety under Elyvilon
  1343 | D:2      | Reached XP level 4. HP: 27/45 MP: 2/2
  1367 | D:2      | Found a snail-covered altar of Cheibriados.
  1479 | D:2      | Noticed Robin
  1498 | D:2      | Was placed under penance by Elyvilon
  1511 | D:2      | Killed Robin
  1511 | D:2      | Reached skill level 1 in Invocations
  1664 | D:2      | Quit the game

Skill      XL: |  1  2  3  4 |
---------------+-------------+-----
Fighting       | 3 4 |  4.7
Invocations    | 1 |  1.3
Maces & Flails | |  3.0
Dodging        | |  3.2
Stealth        | |  2.4

Action                   |  1- 3 |  4- 6 || total
-------------------------+-------+-------++-------
Melee: Mace              |   109 |    78 ||   187
Invok: Divine Protection |       |     1 ||     1
       Lesser Healing    |       |     1 ||     1
 Abil: Heal Wounds       |     4 |     1 ||     5
 Stab: Sleeping          |     4 |     1 ||     5
  Eat: Chunk             |     1 |     1 ||     2
Armor: Leather armour    |    22 |    23 ||    45
       Robe              |     1 |       ||     1
Dodge: Dodged            |    85 |    63 ||   148
